 Dungeon Crawl Stone Soup version 0.15.0-29-ga8e3430 (webtiles) character file.

37 Kold the Ducker (level 3, -2/18 HPs)
             Began as a Felid Chaos Knight on Sept 12, 2014.
             Was a Plaything of Xom.
             Slain by a worm (11 damage)
             ... on Level 2 of the Dungeon.
             The game lasted 00:03:06 (1286 turns).

Kold the Ducker (Felid Chaos Knight)                Turns: 1286, Time: 00:03:08

HP  -2/18        AC  1     Str  8      XL: 3   Next: 21%
MP   5/5         EV 25     Int 13      God: Xom
Gold 59          SH  0     Dex 21      Spells:  0 memorised,  2 levels left
Lives: 0, deaths: 0

rFire  . . .     SeeInvis +       - Unarmed
rCold  . . .     Clarity  .     (armour unavailable)
rNeg   . . .     rCorr    .     (shield unavailable)
rPois  .         rRot     .     (helmet unavailable)
rElec  .         Spirit   .     (cloak unavailable)
SustAb .         Warding  .     (gloves unavailable)
rMut   .         Stasis   .     (boots unavailable)
Gourm  +                        l - amulet of the gourmand
MR     .....                    (no ring)
                                (no ring)

@: agile, lethally poisoned, quick, not resistant to hostile enchantments,
fairly stealthy
A: paw claws, no armour, no weapons or thrown items, fangs 3, see invisible,
carnivore 3, speed 1, shaggy fur 1, slow metabolism 1, jump 1
a: Jump Attack, Renounce Religion


You were on level 2 of the Dungeon.
You worshipped Xom.
You were a toy of Xom.
You were not hungry.

You visited 1 branch of the dungeon, and saw 2 of its levels.

You collected 59 gold pieces.

Inventory:

Comestibles
 c - a meat ration
Scrolls
 e - a scroll of remove curse {unknown}
 h - 3 scrolls of enchant weapon {unknown}
 i - 2 scrolls of fog {unknown}
 m - a scroll of recharging {unknown}
Jewellery
 l - an amulet of the gourmand (around neck)
Potions
 d - a potion of flight {unknown}
 f - a potion of cure mutation {unknown}
 g - a potion of curing {unknown}
 j - a potion of haste {unknown}
 k - a potion of magic {unknown}
 n - a potion of poison {unknown}
 o - a potion of restore abilities {unknown}


   Skills:
 + Level 3.8 Fighting
 + Level 3.9 Dodging
 + Level 3.2 Unarmed Combat


You had 2 spell levels left.
You didn't know any spells.

Dungeon Overview and Level Annotations

Branches:
Dungeon (2/15)

Altars:
Ashenzari
Zin


Innate Abilities, Weirdness & Mutations

You cannot wear armour.
You are incapable of wielding weapons or throwing items.
Your paws have sharp claws.
You have razor-sharp teeth.
You have supernaturally acute eyesight.
You are carnivorous and can eat meat at any time.
You cover ground quickly.
You are covered in fur (AC +1).
You have a slow metabolism.
You can jump attack at a short distance.


Message History

You see here an adder corpse.
A worm comes into view.
A hobgoblin comes into view.
The hobgoblin shouts!
The ball python moves out of view.
The worm bites you.
You scratch the worm. You bite the worm.
The worm is moderately wounded.
You feel sick.
The hobgoblin moves out of view.
You scratch the worm.
The worm is heavily wounded.
The worm misses you.
Drink which item? (? for menu, Esc to quit)
You feel agile all of a sudden.
It was a potion of agility.
Xom is highly amused!
The ball python bites you. The ball python closely misses you.
The hobgoblin hits you. The ball python completely misses you.
The ball python misses you. The worm bites you!
Ouch! That really hurt!
You die...

###............ #.#
#.#..#...####.####.#
...#⌠.##+##.⌠#....#..
.....#.........#....'..
#..#####.......#####.#..
##.#...#.......# #.'.. #
+...+..%_...+.. #..#.
#..w#g...........[.##
#S@.......#####.# #
#...[..........# .. #
###...⌠.##+.#.⌠...#. #
##..### .#.## ... # #..
.) . # ### .#. . .


You could see a worm, a hobgoblin and a ball python.

Vanquished Creatures
  An adder (D:2)
  2 giant geckos
  3 bats
  2 giant cockroaches (D:1)
  4 hobgoblins
  3 giant newts
  2 goblins (D:1)
  7 kobolds
  4 rats (D:1)
28 creatures vanquished.

Notes
Turn   | Place    | Note
--------------------------------------------------------------
     0 | D:1      | Kold, the Felid Chaos Knight, began the quest for the Orb.
     0 | D:1      | Reached XP level 1. HP: 10/10 MP: 2/2
   258 | D:1      | Reached XP level 2. HP: 8/14 MP: 3/3
   483 | D:1      | XOM: harmless Trmt miscast
  1184 | D:2      | Found a glowing silver altar of Zin.
  1253 | D:2      | Reached XP level 3. HP: 15/18 MP: 5/5
  1263 | D:2      | Found a shattered altar of Ashenzari.
  1286 | D:2      | Slain by a worm

Action                   || total
-------------------------++-------
Melee: Unarmed           ||    86
 Abil: Jump Attack       ||     5
  Use: Potion            ||     2
 Stab: Sleeping          ||     2
  Eat: Chunk             ||     4
